 Dungeon Crawl Stone Soup version 0.23-a0-171-g5ae17c6 (webtiles) character file.

741 Arum the Shield-Bearer (level 8, -4/63 HPs)
             Began as a Formicid Fighter on Sept 13, 2018.
             Was an Initiate of Ru.
             Slain by a killer bee (8 damage)
             ... on level 5 of the Dungeon.
             The game lasted 00:09:28 (4372 turns).

Arum the Shield-Bearer (Formicid Fighter)           Turns: 4372, Time: 00:09:30

Health: -4/63      AC: 11    Str: 21    XL:     8   Next: 5%
Magic:  8/8        EV:  9    Int: 12    God:    Ru [......]
Gold:   162        SH: 15    Dex: 12    Spells: 7/7 levels left

rFire    . . .     SeeInvis +   a - +0 flail
rCold    + . .     Gourm    .   c - +0 shield
rNeg     . . .     Faith    .   t - +1 scale mail {rC+}
rPois    +         Spirit   .   (helmet unavailable)
rElec    .         Reflect  +   y - +0 cloak {rPois}
rCorr    .         Harm     .   (no gloves)
MR       .....                  (no boots)
Stlth    +.........             m - +5 amulet of reflection
HPRegen  0.20/turn              p - ring of stealth
MPRegen  0.11/turn              (no ring)

@: lethally poisoned (-4 -> -9)
A: permanent stasis, dig shafts and tunnels, four strong arms, antennae 3, icy
blue scales 1, thin skeletal structure 1, clever 1
a: Dig, Shaft Self, Sacrifice a Hand, Sacrifice Stealth, Sacrifice an Eye,
Reject Sacrifices, Renounce Religion


You were on level 5 of the Dungeon.
You worshipped Ru.
Ru was noncommittal.
You were near starving.

You visited 2 branches of the dungeon, and saw 6 of its levels.

You collected 162 gold pieces.

Inventory:

Hand Weapons
 a - a +0 flail (weapon)
Missiles
 s - 2 tomahawks (quivered)
Armour
 c - a +0 shield (worn)
 k - +0 ice dragon scales
 t - a +1 scale mail of cold resistance (worn)
 y - a +0 cloak of poison resistance (worn)
Jewellery
 m - a +5 amulet of reflection (around neck)
 p - a ring of stealth (left hand)
Wands
 u - a wand of flame (7)
Scrolls
 i - 2 scrolls of amnesia {unknown}
 j - 3 scrolls of identify
 n - a scroll of immolation {unknown}
 q - 2 scrolls of remove curse {unknown}
 r - a scroll of magic mapping {unknown}
 v - 2 scrolls of teleportation {unknown}
 w - a scroll of blinking {unknown}
 z - a scroll of enchant weapon {unknown}
 A - a scroll of noise {unknown}
Potions
 b - a potion of mutation
 d - 2 potions of might
 g - 3 potions of degeneration
 o - a potion of cancellation
Comestibles
 f - 11 rations


   Skills:
 + Level 5.4 Fighting
 + Level 4.4 Maces & Flails
 + Level 5.4 Armour
 - Level 0.9 Dodging
 - Level 0.1 Stealth
 + Level 6.3 Shields


You had 7 spell levels left.
You didn't know any spells.
Your spell library was empty.

Dungeon Overview and Level Annotations

Branches:
Dungeon (5/15)             Temple (1/1) D:4

Altars:
Ashenzari
Cheibriados
Dithmenos
Elyvilon
Fedhas
Hepliaklqana
Kikubaaqudgha
Makhleb
Nemelex Xobeh
Qazlal
Ru
Sif Muna
Trog
Wu Jian
Xom
The Shining One


Innate Abilities, Weirdness & Mutations

You cannot be hasted, slowed, berserked, paralysed or teleported.
You can dig through walls and to a lower floor.
Your four strong arms can wield two-handed weapons with a shield.
You have a pair of large antennae on your head. (SInv)
You are partially covered in icy blue scales. (AC +2)
You have a somewhat thin skeletal structure. (Dex +2, Stealth)
Your mind is acute. (Int +2)


Message History

Unknown command.
Okay, then.
You barely miss the killer bee.
The killer bee is heavily wounded.
* * * LOW HITPOINT WARNING * * *
You feel sick.
The killer bee stings you but does no damage.
You block the killer bee's attack. x2
Unknown command.
You hit the killer bee.
The killer bee is severely wounded.
* * * LOW HITPOINT WARNING * * *
You feel sick. The killer bee barely misses you. x2
You miss the killer bee.
The killer bee is severely wounded.
* * * LOW HITPOINT WARNING * * *
You feel sick.
The killer bee stings you but does no damage.
The killer bee stings you!
You die...

#............#
##+##............#
.................#
.................#
.................#
.................+
.................##### #
#########y......##...####
#@#......#........
###......#>.......
#......#........
#######......##'######
........<######...#...
.........# #....'...
.........# #....#...
.........# #....#...
.........######'###...


You could see a killer bee.

Vanquished Creatures
  A centaur (D:5)
  An ogre (D:4)
  5 killer bees (D:5)
  A hound (D:5)
  A bullfrog skeleton (D:5)
  Crazy Yiuf (D:4)
  An orc wizard (D:3)
  3 worker ants
  A hound skeleton (D:5)
  6 adders
  6 worms
  A leopard gecko (D:3)
  4 orcs
  9 bats
  5 giant cockroaches
  8 goblins
  8 hobgoblins
  13 jackals
  8 kobolds
  2 quokkas
  3 ball pythons
  6 frilled lizards
  13 rats
107 creatures vanquished.

Notes
Turn   | Place    | Note
-------+----------+-------------------------------------------
     0 | D:1      | Arum the Formicid Fighter began the quest for the Orb.
     0 | D:1      | Reached XP level 1. HP: 18/18 MP: 1/1
   108 | D:1      | Reached XP level 2. HP: 24/24 MP: 2/2
   327 | D:1      | Reached skill level 4 in Shields
   379 | D:1      | Reached XP level 3. HP: 29/29 MP: 3/3
  1037 | D:2      | Reached XP level 4. HP: 25/37 MP: 4/4
  1528 | D:3      | Reached XP level 5. HP: 15/42 MP: 5/5
  2318 | D:3      | Reached skill level 5 in Shields
  2378 | D:3      | Found a hazy altar of Hepliaklqana.
  2578 | D:4      | Found a staircase to the Ecumenical Temple.
  2601 | D:4      | Found a shadowy altar of Dithmenos.
  2625 | Temple   | Entered the Ecumenical Temple
  2693 | Temple   | Became a worshipper of Ru the Awakened
  2752 | D:4      | Reached XP level 6. HP: 37/48 MP: 6/6
  2806 | D:4      | Noticed an ogre
  2817 | D:4      | Killed an ogre
  3396 | D:4      | Found a runed door.
  3467 | D:4      | Found a deep blue altar of Sif Muna.
  3467 | D:4      | Found a stormy altar of Qazlal.
  3682 | D:4      | Noticed Crazy Yiuf
  3696 | D:4      | Killed Crazy Yiuf
  3925 | D:5      | Entered Level 5 of the Dungeon
  3943 | D:5      | Reached XP level 7. HP: 35/55 MP: 7/7
  4181 | D:5      | Reached skill level 5 in Fighting
  4181 | D:5      | Reached skill level 5 in Armour
  4287 | D:5      | Reached skill level 6 in Shields
  4294 | D:5      | Gained mutation: You are partially covered in icy blue
                  | scales. (AC +2) [potion of mutation]
  4294 | D:5      | Gained mutation: Your mind is acute. (Int +2) [potion of
                  | mutation]
  4294 | D:5      | Gained mutation: You have a somewhat thin skeletal
                  | structure. (Dex +2, Stealth) [potion of mutation]
  4360 | D:5      | Reached XP level 8. HP: 25/63 MP: 8/8
  4372 | D:5      | Slain by a killer bee

Vault maps used:
D:1:      minmay_arrival_radiant_lines
D:3:      marbit_many_paths, minmay_misc_feat_pillars
D:4:      gammafunk_temple_overflow_elements, nicolae_overflow_crystal_walls,
          minmay_temple_entry_water_ring, uniq_crazy_yiuf_cottage
D:5:      first_ration
Temple:   nicolae_temple_x_marks_the_god

Skill      XL: |  1  2  3  4  5  6  7 |
---------------+----------------------+-----
Shields        | 4 5 6 |  6.3
Fighting       | 4 5 |  5.4
Armour         | 4 5 |  5.4
Maces & Flails | 3 4 |  4.4
Dodging        | |  0.9
Stealth        | |  0.1

Action                   |  1- 3 |  4- 6 |  7- 9 || total
-------------------------+-------+-------+-------++-------
Melee: Flail             |   112 |   249 |   134 ||   495
Throw: Tomahawk          |       |     2 |       ||     2
 Abil: Dig               |       |     1 |     1 ||     2
Evoke: Wand              |       |       |     2 ||     2
  Use: Potion            |       |     2 |     6 ||     8
       Scroll            |       |       |     2 ||     2
  Eat: Chunk             |     1 |     6 |       ||     7
       Ration            |       |     1 |       ||     1
Armor: Scale mail        |    59 |   147 |    63 ||   269
Dodge: Dodged            |    33 |   124 |    79 ||   236
Block: Shield            |    77 |   185 |   156 ||   418
       Reflection        |       |       |     2 ||     2

Table legend:
 A = Non-vault XP
 B = Vault XP
 C = Vault XP percentage of total XP
 D = Non-vault monster count
 E = Vault monster count
 F = Vault count percentage of total count
                 A         B        C        D         E       F
            +---------+---------+-------+---------+---------+-------
      Total |    1018 |      41 |   3.9 |     105 |       2 |   1.9
            +---------+---------+-------+---------+---------+-------
        D:1 |      46 |       0 |   0.0 |      29 |       0 |   0.0
        D:2 |      69 |       0 |   0.0 |      26 |       0 |   0.0
        D:3 |     114 |       2 |   1.7 |      26 |       1 |   3.7
        D:4 |     216 |      39 |  15.3 |      10 |       1 |   9.1
        D:5 |     570 |       0 |   0.0 |      13 |       0 |   0.0
     Temple |       3 |       0 |   0.0 |       1 |       0 |   0.0
            +---------+---------+-------+---------+---------+-------
